Map: Blackburn LE

Players

Cerberus

  • Race: Protoss Protoss
  • League: Silver
  • Spawn Location: 5:00

Pumba - Winner!

  • Race: Protoss Protoss
  • League: Silver
  • Spawn Location: 7:00

VOD

Have the link to the VOD?

Description

Time

  • Played on: Feb. 1, 2022, 5:30 p.m.
  • Length: 8:24
Show
View Real Time Build Order
Export as new Build Order

Cerberus Protoss 

Build Orders: 1 Gate Expand 

Get SALT Encoding   

  12  0:01  Probe  
  13  0:13  Probe  
  14  0:19  Pylon  
  14  0:25  Probe  
  15  0:37  Probe  
  16  0:45  Gateway  
  16  0:49  Probe (Chrono Boost)  
  17  0:52  Assimilator  
  17  1:01  Probe (Chrono Boost)  
  18  1:06  Probe (Chrono Boost)  
  19  1:15  Probe  
  20  1:31  Nexus  
  20  1:43  Cybernetics Core  
  20  1:44  Probe  
  21  1:50  Assimilator  
  21  1:59  Probe  
  22  2:08  Pylon  
  22  2:11  Probe  
  23  2:19  Warp Gate  
  23  2:26  Probe, Stalker  
  26  2:36  Robotics Facility  
  26  2:44  Probe  
  26  2:50  Probe  
  28  2:59  Probe  
  28  3:05  Stalker  
  31  3:09  Probe  
  32  3:19  Probe, Gateway x2  
  33  3:24  Observer  
  34  3:28  Probe  
  35  3:36  Forge  
  35  3:37  Probe  
  35  3:38  Pylon  
  35  3:40  Probe  
  37  3:42  Shield Battery  
  37  3:49  Probe  
  37  3:55  Immortal  
  42  3:58  Probe  
  43  4:05  Twilight Council  
  43  4:10  Protoss Ground Weapons Level 1 (Chrono Boost), Probe  
  43  4:11  Assimilator  
  43  4:12  Probe  
  45  4:26  Stalker  
  45  4:27  Stalker  
  49  4:32  Probe x2  
  51  4:50  Pylon  
  51  4:52  Probe, Pylon  
  52  4:54  Probe  
  53  5:08  Probe  
  53  5:09  Immortal, Probe  
  53  5:13  Stalker x3  
  66  5:35  Probe x2  
  66  5:40  Nexus  
  66  5:42  Robotics Bay, Blink (Chrono Boost), Pylon  
  67  5:51  Shield Battery  
  67  5:52  Probe  
  67  5:53  Probe  
  67  5:55  Assimilator  
  69  6:03  Pylon  
  69  6:10  Stalker  
  71  6:35  Dark Shrine  
  71  6:58  Gateway  
  71  7:00  Gateway  
  71  7:01  Probe x2  
  71  7:02  Probe, Gateway  
  71  7:05  Gateway  
  71  7:06  Gateway  
  73  7:16  Stalker  
  73  7:17  Shield Battery, Stalker x2  
  73  7:21  Disruptor (Chrono Boost)  
  82  7:42  Stalker x3  
  88  7:45  Probe  
  88  7:46  Probe x2  
  66  8:01  Stalker  
  66  8:02  Stalker x4  
Show
View Real Time Build Order
Export as new Build Order

Pumba Protoss - Winner!

Build Orders: 1 Gate Expand, Zealot Archon 

Get SALT Encoding   

  12  0:00  Probe  
  13  0:13  Probe  
  14  0:23  Pylon  
  14  0:25  Probe  
  15  0:41  Probe (Chrono Boost)  
  16  0:44  Gateway  
  16  0:53  Probe (Chrono Boost), Assimilator  
  17  0:59  Probe (Chrono Boost)  
  18  1:07  Probe  
  19  1:19  Probe  
  20  1:29  Nexus  
  20  1:37  Cybernetics Core  
  21  1:40  Probe  
  21  1:48  Assimilator  
  21  1:52  Probe  
  22  1:57  Pylon  
  22  2:04  Probe  
  23  2:09  Warp Gate  
  23  2:16  Stalker (Chrono Boost)  
  23  2:17  Probe  
  27  2:30  Probe  
  27  2:39  Robotics Facility, Stalker (Chrono Boost)  
  27  2:41  Probe  
  30  2:45  Probe  
  31  2:53  Probe  
  31  2:57  Probe  
  33  3:02  Stalker  
  33  3:05  Probe  
  36  3:14  Gateway  
  36  3:15  Gateway  
  36  3:20  Probe (Chrono Boost)  
  36  3:25  Probe (Chrono Boost)  
  38  3:29  Observer  
  38  3:30  Probe (Chrono Boost)  
  38  3:34  Probe (Chrono Boost)  
  41  3:35  Probe (Chrono Boost)  
  42  3:43  Pylon  
  42  3:44  Probe  
  42  3:45  Pylon  
  42  3:46  Probe  
  44  4:01  Immortal (Chrono Boost)  
  48  4:03  Probe x2  
  48  4:08  Twilight Council  
  50  4:13  Stalker x3  
  56  4:18  Probe x2  
  56  4:21  Assimilator  
  56  4:22  Assimilator  
  58  4:30  Pylon  
  58  4:46  Probe x2  
  60  4:58  Charge (Chrono Boost), Probe  
  60  4:59  Probe  
  62  5:13  Gateway  
  62  5:14  Gateway  
  62  5:16  Gateway  
  62  5:18  Gateway  
  62  5:20  Gateway  
  62  5:21  Gateway  
  62  5:22  Gateway  
  62  5:31  Pylon x2  
  62  5:36  Pylon  
  62  5:43  Templar Archives  
  62  5:49  Pylon  
  62  5:51  Zealot x3  
  62  5:56  Immortal (Chrono Boost)  
  72  6:08  Sentry  
  74  6:13  Zealot x3  
  74  6:17  Zealot x2  
  84  6:22  Pylon  
  84  6:25  Warp Prism (Chrono Boost)  
  84  6:29  Pylon  
  84  6:32  Pylon  
  86  6:36  Zealot x2  
  90  6:42  Zealot x2  
  94  6:52  Zealot x3  
  100  7:06  Zealot x4  
  108  7:15  High Templar x6  
  116  7:19  Archon x3  
  120  7:38  Zealot x3  
  112  8:01  Zealot x8  
Tags
 
Add a new tag
Caveats
  • Supply blocks, unpowered buildings, or Contaminate may cause inaccurate times.
  • Supply counts are checked every 10 seconds.